 Dungeon Crawl Stone Soup version 0.17.1-1-g73c8601 (console) character file.

2381 Kloppie the Ruffian (level 9, -2/89 HPs)
             Began as a Troll Berserker on Dec 25, 2015.
             Was an Elder of Trog.
             Slain by a killer bee (4 damage)
             ... on level 7 of the Dungeon.
             The game lasted 00:08:36 (4352 turns).

Kloppie the Ruffian (Troll Berserker)               Turns: 4352, Time: 00:08:36

Health: -2/89      AC:  7    Str: 27    XL:     9   Next: 22%
Magic:  8/8        EV: 11    Int:  6    God:    Trog [****..]
Gold:   277        SH:  0    Dex:  9    Spells: 0 memorised, 8 levels left

rFire  . . .     SeeInvis .       - Unarmed
rCold  . . .     Clarity  .     a - +0 animal skin
rNeg   . . .     SustAt   .     (no shield)
rPois  .         Gourm    +     (helmet restricted)
rElec  .         Spirit   .     C - +1 cloak
rCorr  .         Warding  .     (gloves unavailable)
rMut   .         Stasis   .     (boots unavailable)
MR     +++..                    x - amulet of regeneration
Stlth  +.........               (no ring)
                                c - ring of protection from magic

@: lethally poisoned (-2 -> -3), regenerating, extremely resistant to hostile
enchantments, very unstealthy
A: unfitting armour, claws 3, fast metabolism 3, gourmand, regeneration 2,
shaggy fur 1, tough skin 2
a: Berserk, Trog's Hand, Brothers in Arms, Burn Spellbooks, Renounce Religion


You were on level 7 of the Dungeon.
You worshipped Trog.
Trog was greatly pleased with you.
You were not hungry.

You visited 1 branch of the dungeon, and saw 7 of its levels.

You collected 277 gold pieces.

Inventory:

Armour
 a - a +0 animal skin (worn)
 i - the cursed +1 robe "Huenn" {rF- Regen+ Int+6 Stlth+}
   (You found it on level 5 of the Dungeon)

   It affects your intelligence (+6).
   It makes you vulnerable to fire.
   It increases your rate of regeneration.
   It makes you more stealthy.
   It has a curse placed upon it.
 r - a +0 large shield
 C - a +1 cloak (worn)
Jewellery
 c - a ring of protection from magic (left claw)
 x - an amulet of regeneration (around neck)
 y - an uncursed amulet of resist mutation
Wands
 e - a wand of flame (39)
 w - a wand of paralysis (9)
 B - a wand of draining (9)
Scrolls
 g - 3 scrolls of teleportation
 q - 2 scrolls of recharging
 s - a scroll of enchant weapon
Potions
 d - 5 potions of haste
 h - 2 potions of heal wounds
 j - 2 potions of curing
 k - a potion of invisibility
 l - 2 potions of flight
 n - a potion of lignification
 t - a potion of cancellation {unknown}
 v - 2 potions of brilliance {unknown}
 A - a potion of might {unknown}
Books
 u - a book of Clouds

   Spells                             Type                      Level
   a - Mephitic Cloud                 Conjuration/Poison/Air       3
   b - Conjure Flame                  Conjuration/Fire             3
   c - Poisonous Cloud                Conjuration/Poison/Air       6
   d - Freezing Cloud                 Conjuration/Ice/Air          6
   e - Ring of Flames                 Charms/Fire                  7
   Trog disapproves of the use of such an item.
Comestibles
 b - 5 bread rations
 f - 2 royal jellies
 o - 4 meat rations
 p - 2 beef jerkies


   Skills:
 + Level 6.3 Fighting
 + Level 6.5 Dodging
 + Level 7.9 Unarmed Combat


You had 8 spell levels left.
You didn't know any spells.

Dungeon Overview and Level Annotations

Branches:
Dungeon (7/15)
 Temple: D:4-7

Altars:
Ashenzari
Cheibriados
Fedhas
Gozag
Kikubaaqudgha
Makhleb
Okawaru
Ru
Vehumet
The Shining One

Shops:
D:3 *


Innate Abilities, Weirdness & Mutations

You are too large for most types of armour.
You have claws for hands.
Your metabolism is lightning-fast.
You like to eat raw meat.
You heal very quickly.
You are covered in fur (AC +1).
You have very tough skin (AC +2).


Message History

The killer bee completely misses you. The killer bee closely misses you.
The killer bee stings you but does no damage.
You feel very sick. The killer bee barely misses you.
The killer bee closely misses you.
The killer bee stings you but does no damage.
You feel sick. The killer bee stings you.
* * * LOW HITPOINT WARNING * * *
The killer bee stings you.
* * * LOW HITPOINT WARNING * * *
You are more poisoned.
The killer bee poisons you! The killer bee barely misses you.
You feel very sick. The killer bee stings you!
* * * LOW HITPOINT WARNING * * *
The killer bee closely misses you. x2
You feel very sick. The killer bee stings you.
* * * LOW HITPOINT WARNING * * *
The killer bee stings you.
You die...

######### ###########
#.......# #.........#
#.......# #.........#
#########?...yy.####.........#
.!...........yy@.............#
..............y.####.........#
#########.....y.# #.........#
#.......####.........#
#.........###..#######
##.........##.##
#...........#.#
#...........#.# ##..........
#.#


You could see 6 killer bees.

Vanquished Creatures
  The ghost of Musteatbrain the Skirmisher, an amateur DsFi (D:4)
  Sigmund (D:2)
  A hungry ghost (D:7)
  4 phantoms
  An ice beast (D:5)
  An ogre (D:5)
  2 centaurs
  3 giant frogs
  3 scorpions
  2 vampire bats (D:6)
  A centaur zombie (D:5)
  An orc priest (D:3)
  A jelly (D:6)
  3 crimson imps
  A giant frog skeleton (D:6)
  A gnoll shaman (D:6)
  A hound (D:6)
  Jessica (D:3)
  A centaur skeleton (D:6)
  3 orc wizards
  A worker ant (D:4)
  2 hound skeletons (D:6)
  9 gnolls
  8 adders
  2 shadow imps
  2 oozes
  An adder skeleton (D:4)
  2 worms
  3 giant geckos
  12 orcs
  A ball python (D:5)
  4 bat skeletons (D:6)
  A bat zombie (D:6)
  4 giant cockroaches
  5 goblins
  8 hobgoblins
  20 jackals
  2 quokkas
  7 bats
  A giant cockroach zombie (D:5)
  2 giant gecko skeletons (D:4)
  6 giant newts
  6 kobolds
  A quokka skeleton (D:4)
  5 rats
148 creatures vanquished.

Notes
Turn   | Place    | Note
--------------------------------------------------------------
     0 | D:1      | Kloppie the Troll Berserker began the quest for the Orb.
     0 | D:1      | Reached XP level 1. HP: 22/22 MP: 0/0
   120 | D:1      | Reached XP level 2. HP: 27/29 MP: 1/1
   450 | D:2      | Reached XP level 3. HP: 34/36 MP: 2/2
   465 | D:2      | Found an opulent altar of Gozag.
   554 | D:2      | Noticed Sigmund
   565 | D:2      | Killed Sigmund
   565 | D:2      | Reached skill level 4 in Unarmed Combat
   565 | D:2      | Reached XP level 4. HP: 45/45 MP: 3/3
   565 | D:2      | Reached XP level 5. HP: 53/53 MP: 4/4
   615 | D:2      | Reached ** piety under Trog
   623 | D:2      | Found a burning altar of Makhleb.
   855 | D:3      | Noticed Jessica
   860 | D:3      | Killed Jessica
   892 | D:3      | Reached XP level 6. HP: 32/61 MP: 5/5
   948 | D:3      | Found a shattered altar of Ashenzari.
  1000 | D:3      | Found a sacrificial altar of Ru.
  1098 | D:3      | Found Gozag's Platinum Reserve.
  1114 | D:3      | Found an opulent altar of Gozag.
  1323 | D:3      | Noticed a centaur
  1328 | D:3      | Killed a centaur
  1328 | D:3      | Reached skill level 5 in Unarmed Combat
  1615 | D:4      | Reached *** piety under Trog
  1674 | D:4      | Noticed Musteatbrain's ghost (amateur DsFi)
  1684 | D:4      | Killed Musteatbrain's ghost
  1684 | D:4      | Reached XP level 7. HP: 56/71 MP: 6/6
  1808 | D:4      | Found a blossoming altar of Fedhas.
  1809 | D:4      | Found a glowing golden altar of the Shining One.
  1809 | D:4      | Found an iron altar of Okawaru.
  2387 | D:5      | Entered Level 5 of the Dungeon
  2576 | D:5      | Reached skill level 5 in Dodging
  2576 | D:5      | Reached skill level 6 in Unarmed Combat
  2630 | D:5      | Got a warped robe
  2768 | D:5      | Identified the cursed +1 robe "Huenn" {rF- Regen+ Int+6 Stlth+} (You found it on level 5 of the Dungeon)
  2820 | D:5      | Reached **** piety under Trog
  3037 | D:5      | Reached XP level 8. HP: 68/79 MP: 7/7
  3070 | D:5      | Reached skill level 5 in Fighting
  3381 | D:6      | Reached skill level 7 in Unarmed Combat
  3716 | D:6      | Found a snail-covered altar of Cheibriados.
  3993 | D:6      | Found an ancient bone altar of Kikubaaqudgha.
  4085 | D:7      | Found a radiant altar of Vehumet.
  4181 | D:7      | Reached XP level 9. HP: 81/89 MP: 8/8
  4351 | D:7      | HP: 4/89 [killer bee (10)]
  4352 | D:7      | Slain by a killer bee

Action                   |  1- 3 |  4- 6 |  7- 9 || total
-------------------------+-------+-------+-------++-------
Melee: Unarmed           |    49 |    99 |   315 ||   463
Invok: Berserk           |     1 |     1 |     1 ||     3
       Trog's Hand       |       |       |     2 ||     2
  Use: Scroll            |       |       |    15 ||    15
 Stab: Paralysed         |       |     3 |       ||     3
       Sleeping          |       |       |     1 ||     1
  Eat: Chunk             |     6 |    16 |    30 ||    52
